 Dungeon Crawl Stone Soup version 0.30.0-5-g1a98f26d00 (webtiles) character file.

Game seed: 7187794362881897731

448 Foic the Shield-Bearer (level 6, 0/57 HPs)
             Began as a Minotaur Fighter on May 8, 2023.
             Was a Follower of Makhleb.
             Succumbed to a killer bee's poison
             ... on level 5 of the Dungeon.
             The game lasted 00:17:15 (3436 turns).

Foic the Shield-Bearer (Minotaur Fighter)           Turns: 3436, Time: 00:17:16

Health: 0/57       AC: 10    Str: 23    XL:     6   Next: 73%
Magic:  6/6        EV:  9    Int:  5    God:    Makhleb [*.....]
Gold:   223        SH:  5    Dex:  9    Spells: 5/5 levels left

rFire   + . .        a - +0 trident
rCold   . . .        c - +0 buckler
rNeg    . . .        b - +0 scale mail
rPois   .            (helmet restricted)
rElec   .            (no cloak)
rCorr   .            r - +0 pair of gloves
SInv    +            (no boots)
Will    .....        t - amulet of magic regeneration Stlth
                     h - ring of protection from fire
HPRegen 0.29/turn    (no ring)
MPRegen 0.50/turn

%: no passive effects
@: mighty, lethally poisoned (0 -> -7)
A: horns 2, retaliatory headbutt, iridescent scales 1, see invisible
a: Renounce Religion


You were on level 5 of the Dungeon.
You worshipped Makhleb.
Makhleb was aware of your devotion.
You visited 1 branch of the dungeon, and saw 5 of its levels.

You collected 223 gold pieces.

Inventory:

Hand Weapons
 a - a +0 trident (weapon)
Missiles
 w - 24 stones (quivered)
Armour
 b - a +0 scale mail (worn)
 c - a +0 buckler (worn)
 r - a +0 pair of gloves (worn)
Magical Staves
 v - a staff of death
Jewellery
 h - a ring of protection from fire (left hand)
 t - an amulet of magic regeneration (around neck)
Scrolls
 e - 3 scrolls of silence {unknown}
 g - 2 scrolls of immolation {unknown}
 j - a scroll of magic mapping {unknown}
 k - a scroll of fear {unknown}
 l - 2 scrolls of teleportation {unknown}
 o - a scroll of enchant weapon {unknown}
 p - a scroll of acquirement {unknown}
 q - 5 scrolls of identify {unknown}
 s - a scroll of butterflies {unknown}
 u - a scroll of blinking {unknown}
Potions
 f - a potion of magic
 i - a potion of brilliance
 m - 2 potions of attraction
 n - 2 potions of flight


   Skills:
 * Level 5.9 Fighting
 + Level 4.1 Polearms
 + Level 4.7 Armour
 * Level 6.0 Shields
 + Level 1.5 Invocations


You had 5 spell levels left.
You didn't know any spells.
Your spell library contained the following spells:

 Spells                   Type           Power      Damage    Failure   Level
 Apportation              Tloc           0%         N/A       83%         1
 Beastly Appendage        Tmut           0%         N/A       83%         1
 Wereblood                Tmut           0%         N/A       93%         2
 Spider Form              Tmut/Pois      0%         N/A       99%         3
 Alistair's Intoxication  Tmut/Pois      0%         N/A       100%        5


Dungeon Overview and Level Annotations

Branches:
Dungeon (5/15)
 Temple: D:4-7

Altars:
Makhleb


Innate Abilities, Weirdness & Mutations

You have a pair of horns on your head.
You reflexively headbutt those who attack you in melee.
You are partially covered in iridescent scales. (AC +2)
You have supernaturally acute eyesight. (SInv)


Message History

The killer bee stings you!
The killer bee stings you but does no damage.
The killer bee stings you.
You are poisoned.
The killer bee poisons you!
You closely miss the killer bee.
The killer bee is moderately wounded.
You feel very sick. The killer bee stings you. x2
You are more poisoned.
The killer bee poisons you!
Okay, then.
You miss the killer bee. Your headbutt misses the killer bee.
The killer bee is moderately wounded.
You feel very sick. The killer bee stings you. x2
You closely miss the killer bee.
The killer bee is moderately wounded.
You feel very sick. You block the killer bee's attack.
The killer bee stings you.
* * * LOW HITPOINT WARNING * * *
You are lethally poisoned!
The killer bee poisons you!
You feel very mighty all of a sudden.
* * * LOW HITPOINT WARNING * * *
You feel very sick. The killer bee barely misses you.
The killer bee stings you.
* * * LOW HITPOINT WARNING * * *
You puncture the killer bee!
You kill the killer bee!
Makhleb accepts your kill.
* * * LOW HITPOINT WARNING * * *
You feel very sick.
Your Shields skill increases to level 6!
Okay, then.
* * * LOW HITPOINT WARNING * * *
You feel very sick.
* * * LOW HITPOINT WARNING * * *
You feel sick.
You die...

#...............#
...............###.
..............## ..
............### #.##
#.............## ..
#..............##.##
................#..#
.......##........#.##
....... #.......@#..# ......
#.....##....#
............##.##..## #
......##........##..### .#
......#.###...........###..#
....... #......###.......###
...# ##..... ##......... ##
#.... #..$...... #....
##........


There were no monsters in sight!

Vanquished Creatures
  A scorpion (D:4)
  A killer bee (D:5)
  A hound (D:4)
  3 orc priests
  3 orc wizards
  4 adders
  A river rat (D:3)
  An ufetubus (D:4)
  A worm (D:4)
  5 dart slugs
  15 orcs
  5 endoplasms
  4 giant cockroaches (D:3)
  6 goblins
  6 hobgoblins
  A kobold (D:3)
  4 quokkas
  4 ball pythons
  6 bats
  7 rats
79 creatures vanquished.

Notes
Turn   | Place    | Note
-------+----------+-------------------------------------------
     0 | D:1      | Foic the Minotaur Fighter began the quest for the Orb.
     0 | D:1      | Reached XP level 1. HP: 19/19 MP: 0/0
    33 | D:1      | Found a faded altar of an unknown god.
   152 | D:1      | Reached XP level 2. HP: 25/27 MP: 1/1
   234 | D:1      | Reached skill level 4 in Shields
  1270 | D:3      | Found a burning altar of Makhleb.
  1354 | D:3      | Reached XP level 3. HP: 33/33 MP: 2/2
  1357 | D:3      | Gained mutation: You have supernaturally acute eyesight.
                  | (SInv) [potion of mutation]
  1357 | D:3      | Gained mutation: You are partially covered in iridescent
                  | scales. (AC +2) [potion of mutation]
  1498 | D:3      | Reached XP level 4. HP: 33/41 MP: 3/3
  1519 | D:3      | Became a worshipper of Makhleb the Destroyer
  1669 | D:3      | Reached skill level 5 in Fighting
  1867 | D:3      | Reached XP level 5. HP: 43/48 MP: 4/4
  1877 | D:3      | Reached skill level 5 in Shields
  2246 | D:4      | Reached * piety under Makhleb
  2383 | D:4      | Reached skill level 1 in Invocations
  2505 | D:4      | Reached XP level 6. HP: 33/56 MP: 5/5
  3315 | D:5      | Entered Level 5 of the Dungeon
  3434 | D:5      | Reached skill level 6 in Shields
  3435 | D:5      | HP: 2/57 [poisoned by a killer bee]
  3436 | D:5      | Succumbed to a killer bee's poison

Illustrated notes

Levels and vault maps discovered:
D:1:      scummos_arrival_gate, layout_loops_ring,
          chequers_ecumenical_altar_simple, minmay_ruptured
D:2:      layout_basic
D:3:      layout_basic, mainiacjoe_overflow_24_doors, gup_sewer_entry_spiral
D:4:      layout_basic
D:5:      layout_cave_pools, nicolae_tso_swordbearing_angel,
          minmay_misc_feat_tiny, chequers_serial_rivers_small_b, uniq_sigmund,
          uniq_ijyb

Skill      XL: |  1  2  3  4  5  6 |
---------------+-------------------+-----
Fighting       | 4 5 |  5.9
Shields        | 4 5 6 |  6.0
Polearms       | 3 4 |  4.1
Armour         | 4 |  4.7
Invocations    | 1 |  1.5

Action                     |  1- 3 |  4- 6 || total
---------------------------+-------+-------++-------
  Melee: Trident           |    73 |   166 ||   239
         Headbutt          |     4 |    16 ||    20
  Throw: Boomerang         |       |     1 ||     1
         Stone             |       |     5 ||     5
    Use: Potion            |     6 |     3 ||     9
 Armour: Scale mail        |    30 |    49 ||    79
  Dodge: Dodged            |    14 |    38 ||    52
  Block: Buckler           |     9 |    26 ||    35
